Map: Interloper LE

Players

Juxtapose - Winner!

  • Race: Zerg Zerg
  • League: Silver
  • Spawn Location: 11:00

Vector

  • Race: Zerg Zerg
  • League: Platinum
  • Spawn Location: 5:00

VOD

https://youtu.be/ql1n4XZtFNk

Description

This is my first BM'ing opponent in Ranked, and my most aggressive BM'ing opponent to date. Some of the things this guy said, just wow.

Fortunately, mouthing off at me like this doesn't affect me since Vector, like most BMers, is a keyboard warrior who actually has trouble backing up his big talk.

This was a fun match no doubt, and as you all know I've had issues with the aggression of Zerg vs Zerg and the Baneling wars, so I've been experimenting with fast teching to Roaches instead and defending with more Queens and Spine Crawlers until my transition is done. It worked before and I decided to give it a whirl on Vector here, who also just so happens to be a Platinum Zerg!

While the game itself was intense, after watching the Replay it became apparent to me that my opponent actually isn't that good at all: sloppy Baneling use, lack of adaptation to the situation, and most importantly at all, not a _single_ Drone kill.

That's right, even though Vector got into my Mineral lines a few times, he failed to kill a single Drone all match. Not. A. Single. One.

Instead he just kept pumping out Zerglings with some Banelings over and over and over and over again, despite the fact that it wasn't working.

Seriously, how'd he get into Platinum League? And for more hilarity, watch past the stats screens for when he messages me post-game to make excuses. Too. Funny.

Time

  • Played on: Aug. 7, 2017, 10:58 a.m.
  • Length: 11:35
Show
View Real Time Build Order
Export as new Build Order

Juxtapose Zerg - Winner!

Build Orders: Pool First 

Get SALT Encoding   

  12  0:01  Drone  
  13  0:13  Overlord  
  13  0:19  Drone  
  14  0:34  Drone x2  
  16  0:49  Spawning Pool  
  15  0:50  Drone  
  15  0:51  Drone  
  17  0:58  Overlord  
  17  1:04  Extractor  
  16  1:11  Drone  
  17  1:29  Drone, Hatchery  
  17  1:32  Drone  
  18  1:42  Queen  
  20  1:57  Zergling x4  
  22  2:08  Drone  
  22  2:15  Metabolic Boost  
  23  2:23  Queen  
  23  2:25  Drone  
  23  2:26  Drone  
  27  2:35  Extractor  
  26  2:37  Zergling x2  
  27  2:45  Drone  
  27  2:51  Spine Crawler  
  27  2:54  Zergling x2  
  27  2:55  Drone x2  
  30  3:05  Drone x2  
  32  3:10  Spine Crawler  
  31  3:16  Drone x3  
  34  3:21  Roach Warren  
  33  3:28  Drone x2  
  35  3:35  Drone  
  35  3:41  Overlord  
  36  3:48  Overlord  
  36  3:59  Queen  
  36  4:01  Drone x3  
  41  4:11  Roach x4  
  49  4:20  Drone x3  
  52  4:26  Lair  
  52  4:33  Overlord x2  
  52  4:55  Zergling x12  
  52  4:56  Zergling x6  
  47  5:10  Drone, Queen  
  50  5:15  Roach x3  
  48  5:39  Roach x2  
  48  5:40  Roach  
  51  5:46  Queen  
  51  5:51  Zergling x2  
  51  5:54  Roach x3  
  52  6:13  Roach  
  52  6:14  Roach x2  
  57  6:22  Queen  
  59  6:27  Zergling x4  
  59  6:28  Zergling x10  
  58  6:45  Spine Crawler  
  53  6:50  Spine Crawler  
  41  6:56  Roach x2  
  41  6:57  Roach x3  
  41  6:58  Queen  
  52  7:07  Spine Crawler  
  48  7:11  Zergling x8  
  48  7:27  Zergling x4, Baneling Nest  
  48  7:28  Zergling x2  
  50  7:36  Spine Crawler  
  49  7:40  Queen  
  49  7:42  Queen  
  49  7:43  Glial Reconstitution  
  53  7:45  Roach  
  55  7:53  Drone  
  55  7:56  Spire  
  55  7:59  Roach x3  
  55  8:00  Roach x2  
  65  8:23  Roach x2  
  65  8:24  Roach x2  
  65  8:26  Roach  
  68  8:29  Overlord x2  
  68  8:30  Overlord  
  68  8:48  Drone x2  
  70  8:59  Roach x4  
  78  9:13  Drone  
  81  9:17  Roach x5  
  89  9:24  Hatchery  
  89  9:38  Zergling x8  
  89  9:41  Overlord x3  
  89  9:42  Overlord x2  
  76  9:58  Mutalisk  
  76  9:59  Mutalisk  
  76  10:05  Queen  
  76  10:06  Queen  
  78  10:25  Mutalisk x4  
  78  10:26  Mutalisk  
  88  10:33  Drone  
  89  10:37  Spine Crawler  
  89  10:40  Drone, Queen  
  89  10:42  Queen  
  93  10:55  Drone  
  94  10:58  Extractor  
  94  11:00  Drone x3, Mutalisk x2  
  94  11:01  Extractor  
  89  11:12  Zergling x4  
  89  11:13  Zergling x8  
Show
View Real Time Build Order
Export as new Build Order

Vector Zerg 

Build Orders: Hatch First 

Get SALT Encoding   

  12  0:01  Drone  
  13  0:15  Overlord  
  13  0:20  Drone, Extractor  
  14  0:33  Drone  
  14  0:34  Drone  
  16  0:41  Drone  
  17  0:57  Hatchery  
  16  1:14  Spawning Pool  
  16  1:16  Drone, Extractor  
  16  1:17  Drone  
  16  1:22  Drone  
  17  1:29  Drone  
  18  1:48  Drone  
  18  1:53  Drone  
  20  2:03  Queen  
  22  2:10  Spine Crawler  
  22  2:15  Drone x3  
  23  2:17  Spine Crawler  
  23  2:20  Drone  
  24  2:24  Drone  
  24  2:27  Metabolic Boost  
  25  2:33  Drone  
  25  2:34  Drone  
  27  2:41  Evolution Chamber  
  26  2:44  Queen  
  28  2:52  Spine Crawler  
  27  3:05  Zergling x2  
  28  3:08  Overlord x2  
  28  3:13  Baneling Nest  
  28  3:14  Zergling x2  
  28  3:22  Overlord  
  28  3:27  Zerg Melee Weapons Level 1  
  28  3:29  Zergling x2  
  28  3:30  Zergling x2  
  28  3:32  Zergling x2  
  31  3:36  Zergling x2  
  31  3:38  Zergling x2  
  33  3:43  Overlord  
  33  3:47  Zergling x2  
  34  3:50  Zergling x2  
  34  3:53  Zergling x2  
  37  3:55  Zergling x2  
  37  3:59  Baneling x3  
  37  4:06  Baneling  
  37  4:08  Baneling  
  37  4:10  Zergling x4  
  37  4:11  Zergling x2  
  37  4:17  Zergling x4  
  41  4:20  Zergling x2  
  41  4:23  Baneling  
  43  4:24  Zergling x2  
  43  4:28  Zergling x2, Baneling  
  43  4:30  Zergling x2  
  46  4:35  Zergling x2  
  46  4:38  Drone, Extractor  
  47  4:40  Drone  
  43  5:05  Zergling x2  
  43  5:06  Zergling x14  
  44  5:10  Baneling  
  44  5:11  Baneling x3  
  44  5:13  Zergling x2  
  45  5:15  Zergling x2  
  46  5:22  Zergling x4  
  42  5:37  Zergling x4  
  42  5:38  Zergling x6  
  44  5:47  Zergling x2  
  44  5:48  Zergling x6  
  46  5:53  Zergling x6  
  46  6:04  Zergling x6  
  47  6:24  Zergling x8  
  42  6:45  Zergling x8  
  39  6:54  Zergling x2  
  37  7:08  Zergling x6  
  39  7:20  Zergling x4  
  36  7:37  Zergling x6  
  36  7:40  Baneling x2  
  36  7:41  Baneling x7  
  36  7:43  Zergling x2  
  40  7:52  Drone x2  
  42  8:16  Hatchery  
  37  8:24  Zergling x6  
  37  8:25  Zergling x10  
  37  8:32  Roach Warren  
  36  8:35  Zergling x2, Lair  
  36  8:36  Zergling x6  
  40  8:45  Zergling x2  
  40  8:46  Zergling x2, Spine Crawler  
  40  8:47  Zergling x2, Spine Crawler  
  40  8:48  Zergling x4, Spine Crawler  
  43  8:51  Zergling x2  
  43  8:56  Zergling x2  
  43  8:57  Zergling x6  
  47  9:06  Drone  
  47  9:08  Drone  
  49  9:15  Drone  
  49  9:16  Drone  
  51  9:17  Overlord  
  51  9:29  Zergling x2  
  54  9:31  Roach x2  
  54  9:33  Roach  
  56  9:40  Roach  
  56  9:45  Roach x2  
  59  9:50  Roach  
  54  10:06  Roach x4  
  58  10:10  Roach  
  60  10:17  Roach  
  58  10:22  Roach x2  
  58  10:28  Roach  
  64  10:30  Roach  
  66  10:40  Overlord  
  66  10:42  Overlord  
  66  11:03  Spore Crawler x2  
  48  11:12  Spore Crawler  
  48  11:14  Spore Crawler  
  48  11:15  Zergling x2  
  48  11:16  Spore Crawler, Zergling x6  
Tags
 
Add a new tag
Caveats
  • Supply blocks, unpowered buildings, or Contaminate may cause inaccurate times.
  • Supply counts are checked every 10 seconds.